 Dungeon Crawl Stone Soup version 0.26-a0-18-g135ff06667 (webtiles) character file.

Game seed: 11959112301335849474, levelgen mode: deterministic

111723 RaHiT the Tainter (level 16, -1/160 HPs)
             Began as a Naga Venom Mage on May 25, 2020.
             Was the Champion of Cheibriados.
             Slain by an Ice Fiend (6 damage)
             ... in an ice cave.
             The game lasted 04:25:25 (28802 turns).

RaHiT the Tainter (Naga Venom Mage)                Turns: 28802, Time: 04:25:26

Health: -1/160     AC: 12    Str: 26    XL:     16   Next: 58%
Magic:  28/32      EV: 13    Int: 41    God:    Cheibriados [******]
Gold:   1908       SH: 10    Dex: 29    Spells: 14/39 levels left

rFire    + . .     SeeInvis +   r - +3 scimitar (flame)
rCold    + + +     Gourm    .   D - +2 buckler
rNeg     . . .     Faith    .   p - +1 robe {rC+ rF+}
rPois    +         Spirit   .   w - +0 helmet
rElec    .         Reflect  .   y - +1 cloak {rC+}
rCorr    .         Harm     .   F - +0 pair of fencer's gloves {Riposte Dex+3}
MR       ++...                  (no barding)
Stlth    ++++......             B - amulet "Olotwele" {Acrobat Int+3 Stlth+}
HPRegen  0.36/turn              S - ring of ice
MPRegen  0.23/turn              Z - ring of protection from fire

@: very slightly contaminated, very slow
A: large, repulsion field 1, see invisible, deformed body, poison resistance,
robust 1, slowness 2, slow metabolism 1, spit poison 1, constrict 1, AC +5
a: Spit Poison, Bend Time, Temporal Distortion, Slouch, Step From Time, Renounce
Religion


You were in an ice cave.
You worshipped Cheibriados.
Cheibriados was exalted by your worship.
You were not hungry.

You visited 6 branches of the dungeon, and saw 28 of its levels.
You also visited: Ice Cave.

You collected 2802 gold pieces.
You spent 894 gold pieces at shops.

Inventory:

Hand Weapons
 h - the +7 hand axe of Dividends {pain, rN+ Str+4}
   (You bought it in a shop on level 2 of the Orcish Mines)

   In the hands of one skilled in necromantic magic, it inflicts extra damage on
   living creatures.
   It affects your strength (+4).
   It protects you from negative energy.
 r - a +3 scimitar of flaming (weapon)
 t - a +4 long sword of freezing
Missiles
 f - 3 throwing nets
 s - 8 curare-tipped darts
 N - 35 boomerangs (quivered)
Armour
 n - the +8 ring mail of Ziynenuj {rCorr Str+4 Dex+2}
   (You found it on level 4 of the Lair of Beasts)

   It affects your strength (+4).
   It affects your dexterity (+2).
   It provides partial protection from all sources of acid and corrosion.
 p - a +1 robe of resistance (worn)
 w - a +0 helmet (worn)
 y - a +1 cloak of cold resistance (worn)
 D - a +2 buckler (worn)
 F - the +0 pair of fencer's gloves (worn) {Riposte Dex+3}
   (You acquired it on level 14 of the Dungeon)

   It affects your dexterity (+3).
 R - a scarf of invisibility
 Y - a +2 robe of magic resistance
Jewellery
 g - an uncursed ring of protection from magic
 B - the amulet "Olotwele" (around neck) {Acrobat Int+3 Stlth+}
   (You found it on level 1 of the Swamp)

   [amulet of the acrobat]

   It helps you evade while moving and waiting.
   It affects your intelligence (+3).
   It makes you more stealthy.
 G - the ring of Qivi Dal {rElec rPois Slay-4 Stlth+}
   (You found it on level 1 of the Swamp)

   [ring of slaying]

   It affects your accuracy and damage with ranged weapons and melee attacks
   (-4).
   It insulates you from electricity.
   It protects you from poison.
   It makes you more stealthy.
 S - a ring of ice (left hand)
 Z - a ring of protection from fire (right hand)
Wands
 E - a wand of paralysis (8)
 H - a wand of disintegration (19)
 M - a wand of digging (4)
 O - a wand of flame (51)
 T - a wand of iceblast (15)
 V - a wand of polymorph (22)
Scrolls
 a - 2 scrolls of enchant weapon
 d - 3 scrolls of amnesia
 e - 3 scrolls of summoning
 k - 19 scrolls of remove curse
 l - 5 scrolls of enchant armour
 m - a scroll of fear
 v - a scroll of fog
 x - 11 scrolls of teleportation
 P - 3 scrolls of identify
 Q - a scroll of magic mapping
 U - a scroll of torment
 W - 2 scrolls of vulnerability
Potions
 b - a potion of heal wounds
 i - 5 potions of flight
 j - a potion of ambrosia
 q - 2 potions of curing
 u - 2 potions of lignification
 z - 2 potions of might
 A - 3 potions of cancellation
 C - 2 potions of mutation
 I - 3 potions of brilliance
 K - 2 potions of resistance
Miscellaneous
 o - a phial of floods
 L - a lightning rod (4/4)
 X - 4 phantom mirrors
Comestibles
 c - 31 rations


   Skills:
 - Level 10.0 Fighting
 - Level 6.0 Armour
 - Level 1.5 Dodging
 - Level 3.0 Stealth
 - Level 9.0 Shields
 - Level 12.0 Spellcasting
 - Level 12.0 Conjurations
 - Level 1.0 Transmutations
 * Level 10.8 Fire Magic
 - Level 12.0 Poison Magic
 - Level 12.0 Invocations


You had 14 spell levels left.
You knew the following spells:

 Your Spells              Type           Power        Failure   Level  Hunger
a - Sting                 Tmut/Pois      ####         1%          1    None
b - Poisonous Vapours     Pois/Air       ######       1%          2    None
c - Olgreb's Toxic Radia  Pois           #######.     1%          4    None
d - Mephitic Cloud        Conj/Pois/Air  ######..     1%          3    None
e - Ignite Poison         Fire/Tmut/Pois ######..     1%          3    None
f - Apportation           Tloc           ###...       1%          1    None
g - Eringya's Noxious Bo  Tmut/Pois      ######....   14%         6    ##.....
h - Alistair's Intoxicat  Tmut/Pois      ######..     2%          5    None

Your spell library contained the following spells:

 Spells                   Type           Power        Failure   Level  Hunger
 Animate Skeleton         Necr           N/A          1%          1    None
 Corona                   Hex            ###....      1%          1    None
 Shock                    Conj/Air       ####         1%          1    None
 Summon Butterflies       Summ           ###.....     1%          1    None
 Summon Small Mammal      Summ           ###.         1%          1    None
 Call Imp                 Summ           ###.....     1%          2    None
 Corpse Rot               Necr/Air       N/A          1%          2    None
 Swiftness                Chrm/Air       ###.....     1%          2    None
 Static Discharge         Conj/Air       ######..     1%          3    None
 Stone Arrow              Conj/Erth      ######       1%          3    None
 Lightning Bolt           Conj/Air       ######....   3%          5    None
 Call Canine Familiar     Summ           ###.....     4%          3    None
 Lesser Beckoning         Tloc           ###.......   4%          3    None
 Summon Guardian Golem    Hex/Summ       ###.....     4%          3    None
 Tukima's Dance           Hex            ###.....     4%          3    None
 Airstrike                Air            ###.......   13%         4    None
 Summon Ice Beast         Ice/Summ       #####...     13%         4    None
 Summon Lightning Spire   Summ/Air       ###.....     13%         4    None
 Summon Forest            Summ/Tloc      ###.......   36%         5    None
 Hydra Form               Tmut           ####......   80%         6    ##.....
 Invisibility             Hex            ###.....     90%         6    ##.....
 Summon Hydra             Summ           ###.......   100%        7    #####..
 Chain Lightning          Conj/Air       ######....   100%        8    ######.
 Lehudib's Crystal Spear  Conj/Erth      ######....   100%        8    ######.
 Absolute Zero            Ice            #####.....   100%        9    #######
 Fire Storm               Conj/Fire      #######...   100%        9    #######


Dungeon Overview and Level Annotations

Branches:
Dungeon (15/15)            Temple (1/1) D:5            Lair (6/6) D:10
  Swamp (3/4) Lair:4       Spider (1/4) Lair:3        Slime (0/5) Lair:6
    Orc (2/2) D:11            Elf (0/3) Orc:2        Vaults (0/5) D:14
  IceCv (1/1)
 Depths: D:15

Altars:
Ashenzari
Cheibriados
Dithmenos
Elyvilon
Fedhas
Gozag
Hepliaklqana
Kikubaaqudgha
Makhleb
Nemelex Xobeh
Okawaru
Qazlal
Ru
Sif Muna
Trog
Uskayaw
Vehumet
Wu Jian
Xom
Yredelemnul
Zin
The Shining One
Beogh

Shops:
D:10 [   D:12 [   D:14 ?   Orc:2 *=([

Portals:
Abyss: Lair:4

Annotations:
D:14 Frances
D:15 exclusion: orange crystal statue
Lair:4 2 transporters, Fv001's ghost, journeyman DsVM
Orc:2 1 runed translucent door, Tsarin's ghost, journeyman MiMo


Innate Abilities, Weirdness & Mutations

You cannot wear boots.
Your serpentine skin is tough. (AC +5)
You have supernaturally acute eyesight. (SInv)
Armour fits poorly on your strangely shaped body.
Your system is resistant to poisons. (rPois)
You cover ground very slowly.
You have a slow metabolism.
You can spit poison.
You can use your snake-like lower body to constrict enemies.
You are surrounded by a mild repulsion field. (EV +2)
You are robust. (+10% HP)


Message History

The Ice Fiend freezes you. You resist.
* * * LOW HITPOINT WARNING * * *
The Ice Fiend barely misses you.
Unknown command.
You feel better.
Your surroundings seem slightly different.
The Ice Fiend calls on the powers of darkness!
Your body is wracked with pain!
* * * LOW HITPOINT WARNING * * *
Unknown command.
As you read the scroll of fear, it crumbles to dust.
You assume a fearsome visage.
The Ice Fiend is unaffected. x2
The Ice Fiend claws you.
* * * LOW HITPOINT WARNING * * *
The Ice Fiend freezes you! You resist.
* * * LOW HITPOINT WARNING * * *
The Ice Fiend claws you.
* * * LOW HITPOINT WARNING * * *
The Ice Fiend freezes you. You resist.
You die...

### ##.## ##...##
#### #.1...## ##..##
##@.....# ##....#
#.....§§## ##..#.○#
#.1....§§# #...###§
##..°.°§§###○§####.
#..#.#.§§§§#§.##..#.
#..#.##.§§§°§##○☼.##
#...#..###§☼§§§○§○.§☼
#...... #§☼§###§§..#
.. ...○ #§§§# ##....


You could see 2 Ice Fiends.

Vanquished Creatures
  An orc warlord (Orc:2)
  The ghost of Chiseanne the Covert, a journeyman GnAs of Dithmenos (Swamp:1)
  Nessos (D:14)
  Azrael (D:13)
  An ettin (Orc:2)
  An ogre mage (D:14)
  8 hydras
  4 centaur warriors
  A catoblepas (Lair:6)
  A death knight (D:14)
  10 alligators
  A two-headed ogre (D:12)
  A deep troll shaman (Lair:6)
  6 death yaks (Lair:6)
  2 orc high priests
  A deep elf knight (D:14)
  Nergalle (D:11)
  Sonja (D:13)
  8 skeletal warriors
  A swamp dragon (Swamp:1)
  2 unseen horrors
  A tengu zombie (D:15)
  4 lindwurms (Lair:4)
  A phantasmal warrior (D:14)
  6 orc knights
  A manticore (D:11)
  3 orc sorcerers (Orc:2)
  A cyclops (D:13)
  12 deep elf magi
  2 ugly things
  13 elephants
  Maurice (Orc:1)
  4 black mambas
  2 ice statues (IceCv)
  2 gargoyles (D:14)
  4 kobold demonologists
  Maggie (D:9)
  8 spiny frogs
  13 ice devils (IceCv)
  5 komodo dragons
  2 freezing wraiths (D:14)
  2 rime drakes
  A polar bear (Lair:6)
  17 trolls
  6 slime creatures
  A jumping spider (Spider:1)
  16 blink frogs
  2 hornets
  13 hippogriffs
  5 tyrant leeches
  A meliai zombie (D:14)
  3 bog bodies
  7 dream sheep (Lair:6)
  A water elemental (D:13)
  2 wraiths
  Sigmund (D:2)
  55 yaks
  Grum (Lair:1)
  The ghost of Sar the Chiller, an amateur NaIE of Cheibriados (D:6)
  2 steam dragons
  2 fire elementals (D:13)
  A human zombie (D:15)
  4 basilisks
  2 wargs (Orc:1)
  Menkaure (D:6)
  23 vampire mosquitoes
  7 swamp worms
  4 insubstantial wisps (Swamp:2)
  5 water moccasins
  16 porcupines
  6 hell hounds (D:13)
  2 ice beasts
  6 sky beasts
  6 black bears
  A swamp drake (Swamp:1)
  40 orc warriors
  4 phantoms
  12 ogres
  2 necrophages (D:13)
  13 centaurs
  11 wolves
  12 crocodiles
  5 big kobolds
  23 bullfrogs
  2 gnoll sergeants
  3 scorpions
  16 killer bees
  8 wights
  6 electric eels
  A vampire bat (Orc:1)
  4 howler monkeys
  6 crimson imps
  2 centaur zombies
  6 jellies
  23 orc priests
  2 bullfrog zombies
  6 centaur skeletons
  4 hounds
  32 orc wizards
  A bullfrog skeleton (D:11)
  6 iguanas
  8 worker ants
  A hound zombie (D:11)
  3 hound skeletons
  A howler monkey zombie (D:6)
  A worker ant zombie (D:5)
  8 gnolls
  12 adders
  6 white imps (IceCv)
  5 ufetubi (IceCv)
  An adder skeleton (D:4)
  An adder zombie (D:5)
  2 worms
  2 dart slugs (D:1)
  6 leopard geckos
  96 orcs
  2 giant cockroaches
  9 goblins
  6 hobgoblins
  6 jackals
  3 quokkas
  8 bats
  4 frilled lizards
  13 kobolds
  2 leopard gecko skeletons
  3 rats
  2 plants (Lair:6)
824 creatures vanquished.

Vanquished Creatures (others)
  An alligator (Swamp:2)
  A spiny frog (Lair:6)
  5 white imps (IceCv)
  2 ufetubi (IceCv)
  7 fungi
  8 plants
  2 withered plants (Orc:2)
26 creatures vanquished.

Grand Total: 850 creatures vanquished

Notes
Turn   | Place    | Note
-------+----------+-------------------------------------------
     0 | D:1      | RaHiT the Naga Venom Mage began the quest for the Orb.
     0 | D:1      | Reached XP level 1. HP: 15/15 MP: 3/3
   137 | D:1      | Reached XP level 2. HP: 14/22 MP: 0/5
   447 | D:1      | Learned a level 2 spell: Poisonous Vapours
  1016 | D:2      | Noticed Sigmund
  1024 | D:2      | Gained mutation: You are clumsy. (Dex -2) [potion of
                  | mutation]
  1024 | D:2      | Gained mutation: You are surrounded by a mild repulsion
                  | field. (EV +2) [potion of mutation]
  1024 | D:2      | Gained mutation: You passively map a small area around you.
                  | [potion of mutation]
  1031 | D:2      | Killed Sigmund
  1031 | D:2      | Reached skill level 5 in Spellcasting
  1031 | D:2      | Reached XP level 3. HP: 28/28 MP: 5/9
  1031 | D:2      | Reached XP level 4. HP: 36/36 MP: 6/11
  1031 | D:2      | Reached XP level 5. HP: 42/42 MP: 6/12
  1050 | D:2      | Lost mutation: You are clumsy. (Dex -2) [potion of
                  | mutation]
  1050 | D:2      | Lost mutation: You passively map a small area around you.
                  | [potion of mutation]
  1050 | D:2      | Gained mutation: Your spells are a little harder to cast,
                  | but a little more powerful. [potion of mutation]
  1050 | D:2      | Lost mutation: Your spells are a little harder to cast, but
                  | a little more powerful. [potion of mutation]
  1050 | D:2      | Gained mutation: You are robust. (+10% HP) [potion of
                  | mutation]
  1124 | D:2      | Learned a level 4 spell: Olgreb's Toxic Radiance
  2019 | D:3      | Reached XP level 6. HP: 53/53 MP: 8/14
  2436 | D:3      | Found a hide-covered altar of Uskayaw.
  2437 | D:3      | Found a white marble altar of Elyvilon.
  2850 | D:4      | Found a shattered altar of Ashenzari.
  2857 | D:4      | Learned a level 3 spell: Mephitic Cloud
  2861 | D:4      | Learned a level 3 spell: Ignite Poison
  2879 | D:4      | Reached skill level 1 in Fighting
  3022 | D:4      | Noticed a black bear
  3027 | D:4      | Killed a black bear
  3027 | D:4      | Reached skill level 5 in Poison Magic
  3027 | D:4      | Reached XP level 7. HP: 67/67 MP: 9/16
  3847 | D:5      | Entered Level 5 of the Dungeon
  4277 | D:5      | Reached skill level 5 in Fighting
  4277 | D:5      | Reached XP level 8. HP: 81/81 MP: 11/17
  4609 | D:5      | Found a staircase to the Ecumenical Temple.
  4617 | Temple   | Entered the Ecumenical Temple
  4686 | Temple   | Became a worshipper of Cheibriados the Contemplative
  5080 | D:6      | Noticed a troll
  5089 | D:6      | Killed a troll
  5096 | D:6      | Reached skill level 1 in Shields
  5337 | D:6      | Found a white marble altar of Elyvilon.
  5393 | D:6      | Reached XP level 9. HP: 90/90 MP: 13/18
  5571 | D:6      | Reached * piety under Cheibriados
  6058 | D:6      | Noticed Menkaure
  6061 | D:6      | Killed Menkaure
  6120 | D:6      | Found a radiant altar of Vehumet.
  6120 | D:6      | Found an ornate altar of the Wu Jian Council.
  6297 | D:6      | Found a runed translucent gate.
  6297 | D:6      | Found a runed translucent gate.
  6297 | D:6      | Found a runed translucent gate.
  6299 | D:6      | Noticed Sar's ghost (amateur NaIE)
  6311 | D:6      | Killed Sar's ghost
  6431 | D:7      | Reached skill level 1 in Armour
  6513 | D:7      | Reached skill level 10 in Poison Magic
  6831 | D:7      | Reached ** piety under Cheibriados
  7420 | D:8      | Reached XP level 10. HP: 88/100 MP: 5/19
  7436 | D:8      | Noticed a green ugly thing
  7442 | D:8      | Killed a green ugly thing
  7442 | D:8      | Reached skill level 5 in Armour
  7626 | D:8      | You fall into a shaft and drop 1 floor!
  7830 | D:8      | Noticed an unseen horror
  7839 | D:8      | Killed an unseen horror
  7847 | D:8      | Reached *** piety under Cheibriados
  8295 | D:9      | Found an iron altar of Okawaru.
  8357 | D:9      | Noticed a cyan ugly thing
  8368 | D:9      | Killed a cyan ugly thing
  8522 | D:9      | Reached **** piety under Cheibriados
  8848 | D:9      | Reached XP level 11. HP: 84/106 MP: 16/23
  9015 | D:9      | Noticed Maggie
  9024 | D:9      | Killed Maggie
  9113 | D:10     | Entered Level 10 of the Dungeon
  9388 | D:10     | Found a staircase to the Lair.
  9626 | D:10     | Found Fuav's Armour Emporium.
  9770 | D:10     | Reached ***** piety under Cheibriados
  9897 | D:10     | Reached skill level 10 in Spellcasting
 10031 | Lair:1   | Entered Level 1 of the Lair of Beasts
 10035 | Lair:1   | Noticed Grum
 10040 | Lair:1   | Killed Grum
 10171 | Lair:1   | Noticed a seven-headed hydra
 10180 | Lair:1   | Killed a seven-headed hydra
 11192 | Lair:1   | Learned a level 1 spell: Apportation
 11215 | Lair:1   | Reached XP level 12. HP: 67/115 MP: 7/27
 11215 | Lair:1   | Reached skill level 1 in Invocations
 11928 | Lair:2   | Reached skill level 5 in Invocations
 12680 | Lair:3   | Reached ****** piety under Cheibriados
 13047 | Lair:3   | Noticed a four-headed hydra
 13054 | Lair:3   | Killed a four-headed hydra
 13229 | Lair:3   | Reached skill level 10 in Invocations
 13466 | Lair:3   | Found a hole to the Spider Nest.
 13693 | Lair:3   | Gained mutation: You can use your snake-like lower body to
                  | constrict enemies. [Naga growth]
 13693 | Lair:3   | Reached XP level 13. HP: 111/122 MP: 26/29
 14421 | Lair:4   | Found a one-way gate to the infinite horrors of the Abyss.
 14421 | Lair:4   | Noticed Fv001's ghost (journeyman DsVM)
 14440 | Lair:4   | Found a transporter.
 14440 | Lair:4   | Found a transporter.
 14443 | Lair:4   | Identified the +3 trident of a Hundred Leylines {distort,
                  | rF+ rC+ Str+5 Int-2}
 14650 | Lair:4   | Found a staircase to the Swamp.
 15347 | Lair:4   | Reached skill level 5 in Shields
 15410 | Lair:4   | Got a faintly glowing ring mail
 15421 | Lair:4   | Identified the +8 ring mail of Ziynenuj {rCorr Str+4 Dex+2}
                  | (You found it on level 4 of the Lair of Beasts)
 16048 | Lair:6   | Entered Level 6 of the Lair of Beasts
 16276 | Lair:6   | Found a staircase to the Slime Pits.
 16642 | Lair:6   | Reached XP level 14. HP: 127/132 MP: 25/30
 17076 | Lair:6   | Learned a level 6 spell: Eringya's Noxious Bog
 17082 | Lair:6   | Learned a level 5 spell: Alistair's Intoxication
 17824 | D:11     | Noticed Nergalle
 17831 | D:11     | Killed Nergalle
 17913 | D:11     | Found a staircase to the Orcish Mines.
 18081 | D:11     | Reached skill level 1 in Conjurations
 18082 | D:11     | Reached skill level 10 in Fighting
 19029 | D:12     | Reached skill level 5 in Conjurations
 19140 | D:12     | Found Niumer's Antique Armour Emporium.
 20035 | D:13     | Reached XP level 15. HP: 148/151 MP: 25/31
 20113 | D:13     | Noticed Sonja
 20116 | D:13     | Killed Sonja
 20378 | D:13     | Noticed Azrael
 20390 | D:13     | Killed Azrael
 20910 | D:14     | Reached skill level 10 in Conjurations
 21206 | D:14     | Noticed Frances
 21636 | D:14     | Noticed Nessos
 21642 | D:14     | Killed Nessos
 22014 | D:14     | Found a gate to the Vaults.
 22118 | D:14     | Found Wuppust's Magic Scroll Shop.
 22121 | D:14     | Bought a scroll of identify for 30 gold pieces
 22121 | D:14     | Bought a scroll of identify for 30 gold pieces
 22121 | D:14     | Identified 2 scrolls of acquirement
 22127 | D:14     | Found the +0 pair of fencer's gloves {Riposte Dex+3}
 22127 | D:14     | Got the +0 pair of fencer's gloves {Riposte Dex+3}
 22224 | D:15     | Entered Level 15 of the Dungeon
 22673 | Orc:1    | Entered Level 1 of the Orcish Mines
 23169 | Orc:2    | Entered Level 2 of the Orcish Mines
 23228 | Orc:2    | Found a roughly hewn altar of Beogh.
 23253 | Orc:1    | Noticed Maurice
 23257 | Orc:1    | Killed Maurice
 23547 | Orc:2    | Reached skill level 1 in Fire Magic
 23713 | Orc:2    | Noticed an orc warlord
 23842 | Orc:2    | Killed an orc warlord
 24096 | Orc:2    | Found a roughly hewn altar of Beogh.
 24104 | Orc:2    | Reached skill level 5 in Fire Magic
 24130 | Orc:2    | Found Uxilamoc's Antique Weapon Boutique.
 24134 | Orc:2    | Found Syffoh's General Store.
 24139 | Orc:2    | Found Goapp's Jewellery Boutique.
 24146 | Orc:2    | Found Ugajah's Antique Armour Boutique.
 24279 | Orc:2    | Bought a masterwork broad axe for 234 gold pieces
 24279 | Orc:2    | Identified the +2 broad axe "Huatoik" {elec, rPois rC+
                  | Stlth+} (You bought it in a shop on level 2 of the Orcish
                  | Mines)
 24280 | Orc:2    | Bought an ichor-stained spear for 208 gold pieces
 24280 | Orc:2    | Identified the +7 spear "Widowermaker" {freeze, *Noise
                  | *Corrode rN+ Int+6} (You bought it in a shop on level 2 of
                  | the Orcish Mines)
 24281 | Orc:2    | Bought a smoking hand axe for 208 gold pieces
 24286 | Orc:2    | Identified the +7 hand axe of Dividends {pain, rN+ Str+4}
                  | (You bought it in a shop on level 2 of the Orcish Mines)
 24366 | Orc:2    | Found a runed translucent door.
 24367 | Orc:2    | Noticed Tsarin's ghost (journeyman MiMo)
 24458 | Orc:2    | Reached XP level 16. HP: 141/160 MP: 11/32
 24609 | Orc:2    | Found a staircase to the Elven Halls.
 24863 | Orc:2    | Bought a glowing scarf for 184 gold pieces
 25053 | Spider:1 | Entered Level 1 of the Spider Nest
 25573 | Swamp:1  | Entered Level 1 of the Swamp
 25937 | Swamp:1  | Got a faintly glowing tin ring
 25939 | Swamp:1  | Identified the cursed ring of Qivi Dal {rElec rPois Slay-4
                  | Stlth+} (You found it on level 1 of the Swamp)
 26270 | Swamp:1  | Found a large runed translucent door.
 26271 | Swamp:1  | Found a large runed translucent door.
 26274 | Swamp:1  | Noticed Chiseanne's ghost (journeyman GnAs)
 26321 | Swamp:1  | Killed Chiseanne's ghost
 26360 | Swamp:1  | Identified the amulet "Olotwele" {Acrobat Int+3 Stlth+}
                  | (You found it on level 1 of the Swamp)
 27521 | Swamp:2  | Reached skill level 10 in Fire Magic
 28116 | Swamp:2  | Identified the +5 rapier "Woneal" {holy, rC+} (You found it
                  | on level 2 of the Swamp)
 28127 | Swamp:3  | Found a frozen archway.
 28137 | IceCv    | Entered an ice cave
 28781 | IceCv    | Noticed an Ice Fiend
 28783 | IceCv    | HP: 7/160 [something (2)]
 28795 | IceCv    | Noticed an Ice Fiend
 28795 | IceCv    | HP: 8/160 [??? (6)]
 28802 | IceCv    | HP: 8/160 [Ice Fiend (7)]
 28802 | IceCv    | Slain by an Ice Fiend

Illustrated notes

Levels and vault maps discovered:
D:1:      tarquinn_simple_flora_water_c, layout_basic, minmay_misc_feat_doors
D:2:      layout_basic, uniq_sigmund
D:3:      layout_loops_ring, minitemple
D:4:      layout_loops_ring, first_ration, evilmike_ruin_ashenzari
D:5:      layout_rooms, temple_doors_ab, serial_co_window_serial,
          co_window_paths_b, co_window_paths_a, co_window_of_opportunity_a,
          co_window_paths_a, co_window_corner_a, co_window_paths_c,
          co_window_corner_b, co_window_of_opportunity_c, co_window_4corner_b,
          co_window_paths_d, glass_columns_a, glass_columns_c, glass_columns_a,
          glass_columns_b, glass_columns_c
D:6:      layout_loops_ring, chequers_temple_overflow_statue_of_worship,
          basic_altar, ebering_ghost_rock_garden, uniq_menkaure
D:7:      layout_gridville, kennysheep_generic_room_8
D:8:      layout_cave_pools
D:9:      layout_gridville, basic_altar, uniq_maggie
D:10:     layout_cave_pools, grunt_lair_entry_orc_guard_hut,
          serial_column_ruins, column_ruins_open_tiny,
          column_ruins_corridor_dead_end, column_ruins_grid_3,
          column_ruins_grid_1, column_ruins_columns_straight, serial_shops, shop
D:11:     layout_gridville, erik_orc_2, blue_anna_alchemist
          [blue_anna_fruit_fields, blue_anna_fruit_fields], uniq_nergalle
D:12:     layout_irregular_city, serial_shops, nicolae_shop_trees,
          item_on_display_a
D:13:     layout_basic, gauntlet_entry_generic, uniq_azrael, uniq_sonja
D:14:     layout_layer_cave, hangedman_vaults_entry_quadrant_bands,
          serial_shops, kennysheep_mini, hangedman_decor_clover_reticule,
          uniq_nessos, uniq_frances
D:15:     gammafunk_depths_entry_grave, layout_gridville, basic_altar,
          chequers_serial_rivers_micro_a, minmay_protected_statue
Temple:   dpeg_five_rooms_temple
Lair:1:   layout_gridlike, grunt_megastairs_5, uniq_grum
Lair:2:   layout_concentric_octagons, grunt_megastairs_2
Lair:3:   statuecave_lemuel, layout_loops_ring, dummy_spider_entry,
          minmay_stone_trees_medium, beast_lair_carwin_2
Lair:4:   layout_gridlike, swamp_mist_pool, gammafunk_ghost_abyssal_escape,
          minmay_lindwurm_lava
Lair:5:   layout_regular_city, lemuel_fruit_fields
Lair:6:   grunt_lair_end_beastmaster, layout_gridlike,
          minmay_slime_entry_pillars, serial_bayou_shore_a
Swamp:1:  layout_falls_marsh, ebering_ghost_disaster_area, hangedman_swamp_pad,
          infiniplex_staircase_pool
Swamp:2:  layout_falls_marsh, evilmike_swamp_ruin_rubble_2
Swamp:3:  layout_basic_swamp, portal_ice_cave_entry_pillars_1,
          evilmike_swamp_ruin_house_1, swamp_pool5, cheibrodos_swamp_kobolds
Spider:1: layout_chambers, nicolae_spider_circle_web, drop_trap
Orc:1:    layout_caves, roderic_batcave, nicolae_orc_lava_room, uniq_maurice
Orc:2:    grunt_orc_cross, layout_diamond_mine, basic_altar,
          gammafunk_ghost_grave, elves_outpost_lemuel
IceCv:    ice_cave_small_demon

Skill      XL: |  1  2  3  4  5  6  7  8  9 10 11 12 13 14 15 16 |
---------------+-------------------------------------------------+-----
Spellcasting   | 5 6 8 11 12 | 12.0
Fighting       | 2 5 6 10 | 10.0
Poison Magic   | 5 6 8 10 12 | 12.0
Shields        | 2 4 9 |  9.0
Armour         | 4 6 |  6.0
Invocations    | 10 12 | 12.0
Conjurations   | 7 12 | 12.0
Fire Magic     | 6 10 | 10.8
Dodging        | |  1.5
Stealth        | |  3.0
Transmutations | |  1.0

Action                   |  1- 3 |  4- 6 |  7- 9 | 10-12 | 13-15 | 16-18 || total
-------------------------+-------+-------+-------+-------+-------+-------++-------
Melee: Unarmed           |     6 |     6 |       |       |       |       ||    12
       Whip              |       |     9 |   117 |    19 |    18 |       ||   163
       Long sword        |       |       |    34 |   153 |   341 |    66 ||   594
       Morningstar       |       |       |     2 |     2 |       |       ||     4
       Constrict         |       |       |       |       |   149 |    48 ||   197
       Falchion          |       |       |       |       |     4 |       ||     4
       Scimitar          |       |       |       |       |    44 |    69 ||   113
       Hand axe          |       |       |       |       |    14 |    32 ||    46
Throw: Dart              |       |       |     3 |    10 |    64 |       ||    77
       Boomerang         |       |       |       |     4 |     8 |    52 ||    64
       Javelin           |       |       |       |       |     3 |     3 ||     6
       Throwing net      |       |       |       |       |     1 |       ||     1
 Cast: Sting             |    19 |    21 |    19 |    17 |    11 |     1 ||    88
       Poisonous Vapours |     7 |    46 |    43 |    76 |    92 |    26 ||   290
       Mephitic Cloud    |       |       |    28 |    33 |    45 |    39 ||   145
       Ignite Poison     |       |       |    21 |    41 |    56 |    40 ||   158
       Olgreb's Toxic Ra |       |       |     7 |    49 |   109 |     5 ||   170
       Eringya's Noxious |       |       |       |       |     3 |     2 ||     5
       Apportation       |       |       |       |       |     2 |    25 ||    27
Invok: Temporal Distorti |       |       |       |       |     4 |     3 ||     7
       Slouch            |       |       |       |       |    19 |     1 ||    20
       Bend Time         |       |       |       |       |       |     1 ||     1
 Abil: Spit Poison       |    10 |     9 |    15 |    18 |    19 |     1 ||    72
Evoke: Wand              |       |       |       |     4 |    13 |    13 ||    30
       Phial of floods   |       |       |       |       |     1 |     1 ||     2
  Use: Potion            |     3 |     1 |       |     1 |     6 |     7 ||    18
       Scroll            |       |     4 |    11 |     5 |    15 |    10 ||    45
 Stab: Sleeping          |       |     2 |     1 |     1 |     2 |       ||     6
       Confused          |       |       |     1 |     5 |     4 |     3 ||    13
       Distracted        |       |       |       |     1 |       |       ||     1
  Eat: Chunk             |     1 |     6 |    10 |     5 |    16 |     1 ||    39
       Ration            |       |       |     2 |     2 |     4 |     3 ||    11
Armor: Robe              |     1 |     6 |    33 |    64 |    10 |     2 ||   116
       Ring mail         |       |       |       |       |   262 |   120 ||   382
Dodge: Dodged            |    14 |    25 |    96 |   158 |   323 |   142 ||   758
Block: Buckler           |       |       |    18 |    86 |   345 |   130 ||   579
       Rpst.: Long sword |       |       |     6 |    38 |    72 |    19 ||   135
       Scimitar          |       |       |       |       |     8 |    29 ||    37
       Hand axe          |       |       |       |       |     3 |     5 ||     8

Table legend:
 A = Non-vault XP
 B = Vault XP
 C = Vault XP percentage of total XP
 D = Non-vault monster count
 E = Vault monster count
 F = Vault count percentage of total count
                 A         B        C        D         E       F
            +---------+---------+-------+---------+---------+-------
      Total |  110262 |   49343 |  30.9 |     647 |     177 |  21.5
            +---------+---------+-------+---------+---------+-------
        D:1 |      30 |       0 |   0.0 |      15 |       0 |   0.0
        D:2 |      73 |     205 |  73.7 |      20 |       1 |   4.8
        D:3 |      53 |       0 |   0.0 |      18 |       0 |   0.0
        D:4 |     550 |       0 |   0.0 |      25 |       0 |   0.0
        D:5 |     567 |       0 |   0.0 |      15 |       0 |   0.0
        D:6 |    1406 |     356 |  20.2 |      25 |       2 |   7.4
        D:7 |    1014 |      14 |   1.4 |      21 |       1 |   4.5
        D:8 |    2204 |       0 |   0.0 |      21 |       0 |   0.0
        D:9 |    3178 |     359 |  10.1 |      36 |       1 |   2.7
       D:10 |    2214 |     760 |  25.6 |      18 |       5 |  21.7
       D:11 |   10092 |    1864 |  15.6 |      48 |      23 |  32.4
       D:12 |    5032 |       0 |   0.0 |      24 |       0 |   0.0
       D:13 |    5777 |    3279 |  36.2 |      35 |      10 |  22.2
       D:14 |   10678 |    6639 |  38.3 |      27 |      18 |  40.0
       D:15 |     665 |     843 |  55.9 |       2 |       2 |  50.0
     Lair:1 |    6241 |     982 |  13.6 |      29 |       5 |  14.7
     Lair:2 |    3520 |       0 |   0.0 |      18 |       0 |   0.0
     Lair:3 |    7516 |     748 |   9.1 |      31 |       4 |  11.4
     Lair:4 |    6371 |    2653 |  29.4 |      25 |       4 |  13.8
     Lair:5 |    5792 |       0 |   0.0 |      17 |       0 |   0.0
     Lair:6 |    7836 |   10052 |  56.2 |      27 |      21 |  43.8
    Swamp:1 |    7671 |    1427 |  15.7 |      24 |       1 |   4.0
    Swamp:2 |   10585 |       0 |   0.0 |      23 |       0 |   0.0
   Spider:1 |     283 |       0 |   0.0 |       1 |       0 |   0.0
      Orc:1 |    4317 |     525 |  10.8 |      51 |       7 |  12.1
      Orc:2 |    6597 |   13227 |  66.7 |      51 |      46 |  47.4
      IceCv |       0 |    5410 | 100.0 |       0 |      26 | 100.0
            +---------+---------+-------+---------+---------+-------
